 Dungeon Crawl Stone Soup version 0.18-a0-1799-g6250cb2 (webtiles) character file.

504 graki42 the Sneak (level 7, -4/45 HPs)
             Began as a Halfling Assassin on Apr 24, 2016.
             Was a Follower of Makhleb.
             Slain by an orc
             ... wielding a +0 trident
              (8 damage)
             ... on level 5 of the Dungeon.
             The game lasted 00:13:25 (3935 turns).

graki42 the Sneak (Halfling Assassin)               Turns: 3935, Time: 00:13:25

Health: -4/45      AC:  4    Str: 11    XL:     7   Next: 41%
Magic:  7/7        EV: 22    Int: 10    God:    Makhleb [*.....]
Gold:   85         SH:  0    Dex: 23    Spells: 0 memorised, 6 levels left

rFire  . . .     SeeInvis .     a - +3 dagger
rCold  . . .     Gourm    .     x - +0 leather armour
rNeg   . . .     Faith    .     (shield restricted)
rPois  +         Spirit   .     (no helmet)
rElec  .         Dismiss  .     y - +0 cloak
rCorr  .         Reflect  .     (no gloves)
SustAt +         Harm     .     (no boots)
MR     .....                    (no amulet)
Stlth  +++++.....               m - ring of sustain attributes
                                i - ring of poison resistance

@: agile, not resistant to hostile enchantments, quite stealthy
A: mutation resistance 1
a: Renounce Religion


You were on level 5 of the Dungeon.
You worshipped Makhleb.
Makhleb was aware of your devotion.
You were hungry.

You visited 1 branch of the dungeon, and saw 5 of its levels.

You collected 85 gold pieces.

Inventory:

Hand Weapons
 a - a +3 dagger (weapon)
 b - a +0 blowgun
Missiles
 e - 75 poisoned needles
 f - 2 curare-tipped needles
 t - 10 tomahawks (quivered)
Armour
 c - a +0 robe
 d - a +0 cloak
 x - a +0 leather armour (worn)
 y - a +0 cloak (worn)
Jewellery
 i - a ring of poison resistance (left hand)
 m - a ring of sustain attributes (right hand)
 s - an uncursed ring of magical power
 u - an uncursed ring of protection from fire {unknown}
Wands
 v - a wand of random effects (33/48)
Scrolls
 h - 2 scrolls of enchant armour {unknown}
 j - 3 scrolls of remove curse {unknown}
 n - 3 scrolls of amnesia {unknown}
 p - a scroll of random uselessness {unknown}
 A - a scroll of teleportation {unknown}
Potions
 k - a potion of mutation {unknown}
 o - a potion of might {unknown}
 q - 3 potions of agility
 r - a potion of heal wounds {unknown}
Comestibles
 g - 4 bread rations
 w - a meat ration
 z - 2 fruits


   Skills:
 + Level 2.4 Fighting
 + Level 4.1 Short Blades
 + Level 2.6 Throwing
 + Level 2.0 Armour
 + Level 4.0 Dodging
 + Level 7.3 Stealth


You had 6 spell levels left.
You didn't know any spells.

Dungeon Overview and Level Annotations

Branches:
Dungeon (5/15)
 Temple: D:4-7

Altars:
Makhleb
Nemelex Xobeh
Okawaru
Sif Muna
Xom

Annotations:
D:3 bollicks1999's ghost, amateur OpAs
D:4 zkyp's ghost, novice HuFi


Innate Abilities, Weirdness & Mutations

You are small and have problems with some larger weapons.
You are somewhat resistant to further mutation.


Message History

Something hits you.
* * * LOW HITPOINT WARNING * * *
Read which item? (? for menu, Esc to quit)
As you read the scroll labeled PYITTI HOXT, it crumbles to dust.
It is a scroll of enchant weapon.
Enchant which weapon? (? for menu, Esc to quit)
Your +2 dagger glows red for a moment.
You hear some strange, mumbled words.
A puff of flame appears from out of thin air!
The puff of flame misses you. The orc closely misses you.
Drink which item? (? for menu, Esc to quit)
It was a potion of curing.
You feel better.
You hear some strange, mumbled words.
A magic dart appears from out of thin air!
The magic dart hits you!
* * * LOW HITPOINT WARNING * * *
Drink which item? (? for menu, Esc to quit)
It was a potion of magic.
Magic courses through your body.
The orc hits you from afar with a trident!
You die...

## ..
########.#####
#...@.oo....(.
#.######.#..##
#.# # #.# #.#
#.# . #.# oo
#.# ... #.#
....


You could see 2 orcs.

Vanquished Creatures
  An ogre (D:3)
  3 orc priests (D:4)
  An iguana (D:4)
  Crazy Yiuf (D:2)
  Ijyb (D:2)
  2 worker ants (D:4)
  An orc wizard (D:4)
  8 adders
  An adder skeleton (D:3)
  A worm (D:2)
  3 dart slugs (D:1)
  A giant gecko (D:1)
  7 orcs
  8 bats
  5 giant cockroaches
  8 goblins
  9 hobgoblins
  9 jackals
  2 quokkas
  5 giant newts
  9 kobolds
  11 rats
  A fungus (D:2)
98 creatures vanquished.

Notes
Turn   | Place    | Note
--------------------------------------------------------------
     0 | D:1      | graki42 the Halfling Assassin began the quest for the Orb.
     0 | D:1      | Reached XP level 1. HP: 14/14 MP: 1/1
    54 | D:1      | Found a shimmering altar of Xom.
    80 | D:1      | Reached XP level 2. HP: 9/19 MP: 2/2
   277 | D:1      | Reached skill level 5 in Stealth
   502 | D:1      | Reached XP level 3. HP: 24/24 MP: 3/3
  1153 | D:2      | Reached XP level 4. HP: 29/29 MP: 4/4
  1725 | D:2      | Noticed Ijyb
  1728 | D:2      | Killed Ijyb
  1728 | D:2      | Reached XP level 5. HP: 34/34 MP: 5/5
  1819 | D:2      | Noticed Crazy Yiuf
  1825 | D:2      | Killed Crazy Yiuf
  1895 | D:2      | Reached skill level 6 in Stealth
  2070 | D:3      | Noticed an ogre
  2074 | D:3      | Killed an ogre
  2074 | D:3      | Reached XP level 6. HP: 39/39 MP: 6/6
  2084 | D:3      | Noticed bollicks1999's ghost (amateur OpAs)
  2099 | D:3      | Found a burning altar of Makhleb.
  2111 | D:3      | Became a worshipper of Makhleb the Destroyer
  2167 | D:3      | Found an iron altar of Okawaru.
  2521 | D:3      | Found a sparkling altar of Nemelex Xobeh.
  2713 | D:3      | Reached skill level 1 in Armour
  2786 | D:4      | Noticed zkyp's ghost (novice HuFi)
  2844 | D:3      | You fall through a shaft!
  2853 | D:4      | Found a deep blue altar of Sif Muna.
  2939 | D:4      | Reached * piety under Makhleb
  3025 | D:4      | Reached skill level 7 in Stealth
  3062 | D:4      | Reached XP level 7. HP: 32/45 MP: 7/7
  3893 | D:5      | Entered Level 5 of the Dungeon
  3932 | D:5      | HP: 2/45 [something (1)]
  3935 | D:5      | Slain by an orc

Vault maps used:
D:1:      tarquinn_simple_flora_water_a, st_stairs_6, xom_teletrap_fun
D:2:      uniq_crazy_yiuf_cottage, uniq_iyjb
D:3:      nicolae_overflow_hidden_temple, overflow_temple_1_default,
          lemuel_round_altar, first_bread, okawaru_ov_weapons_minmay
D:4:      lemuel_blue_sif_altar
D:5:      serial_shops, nicolae_shop_window_shopping, uniq_blork_the_orc

Skill      XL: |  1  2  3  4  5  6  7 |
---------------+----------------------+-----
Stealth        | 5 6 7 |  7.3
Short Blades   | 3 4 |  4.1
Dodging        | 2 3 4 |  4.0
Fighting       | 2 |  2.4
Armour         | 1 2 |  2.0
Throwing       | |  2.6

Action                   |  1- 3 |  4- 6 |  7- 9 || total
-------------------------+-------+-------+-------++-------
Melee: Dagger            |   120 |   203 |    58 ||   381
 Fire: Blowgun           |       |     1 |    11 ||    12
Throw: Tomahawk          |       |    10 |       ||    10
       Throwing net      |       |     1 |       ||     1
  Use: Potion            |       |       |     3 ||     3
       Scroll            |       |       |     1 ||     1
 Stab: Sleeping          |     8 |    20 |     1 ||    29
       Distracted        |     1 |     1 |     1 ||     3
       Held in net/web   |       |     1 |       ||     1
  Eat: Chunk             |       |     7 |     2 ||     9
Armor: Robe              |    12 |     6 |       ||    18
       Leather armour    |       |    27 |     6 ||    33
Dodge: Dodged            |    57 |   121 |    39 ||   217
